 Dungeon Crawl Stone Soup version 0.30-a0-739-gea05faddec (webtiles) character file.

Game seed: 1658576048502296917

256 cforsyth the Firebug (level 6, -3/32 HPs)
             Began as a Tengu Fire Elementalist on Feb 4, 2023.
             Succumbed to a scorpion's poison
             ... on level 3 of the Dungeon.
             The game lasted 00:07:19 (3979 turns).

cforsyth the Firebug (Tengu Fire Elementalist)      Turns: 3979, Time: 00:07:20

Health: -3/32      AC:  4    Str:  5 (8)  XL:     6   Next: 15%
Magic:  8/12       EV: 14    Int: 14 (17) God:
Gold:   151        SH:  0    Dex: 14 (15) Spells: 11/12 levels left

rFire   . . .      SeeInvis .    (no weapon)
rCold   . . .      Faith    .    (no shield)
rNeg    . . .      Spirit   .    a - +0 robe
rPois   .          Reflect  .    l - +0 hat
rElec   .          Harm     .    e - +0 cloak
rCorr   .          Rampage  .    p - +0 pair of gloves
Will    .....                    (boots unavailable)
Stlth   ++                       (no amulet)
HPRegen 0.25/turn                (no ring)
MPRegen 0.13/turn                (no ring)

@: lethally poisoned (-3 -> -21), attractive, flying quickly and evasively,
quick
A: beak, talons 3, nimble flight
a: no special abilities


You were on level 3 of the Dungeon.
You visited 1 branch of the dungeon, and saw 4 of its levels.

You collected 151 gold pieces.

Inventory:

Armour
 a - a +0 robe (worn)
 e - a +0 cloak (worn)
 l - a +0 hat (worn)
 p - a +0 pair of gloves (worn)
Jewellery
 i - a ring of ice
 k - a +6 ring of strength
 o - a ring of fire
Scrolls
 c - 2 scrolls of magic mapping {unknown}
 d - 2 scrolls of poison {unknown}
 f - a scroll of identify {unknown}
 g - 2 scrolls of amnesia {unknown}
 j - a scroll of fear {unknown}
 m - a scroll of fog {unknown}
 n - 3 scrolls of teleportation {unknown}
 q - a scroll of enchant weapon {unknown}
 t - a scroll of vulnerability {unknown}
Potions
 b - a potion of magic
 h - 2 potions of degeneration
 r - 3 potions of attraction
 s - a potion of heal wounds {unknown}
 u - a potion of curing {unknown}


   Skills:
 - Level 2.1 Dodging
 - Level 2.0 Stealth
 + Level 3.6 Spellcasting
 + Level 4.6 Conjurations
 + Level 5.0 Fire Magic


You had 11 spell levels left.
You knew the following spells:

 Your Spells              Type           Power      Damage    Failure   Level
a - Foxfire               Conj/Fire      64%        2x1d7     2%          1

Your spell library contained the following spells:

 Spells                   Type           Power      Damage    Failure   Level
 Scorch                   Fire           32%        2d6       3%          2
 Slow                     Hex            8%         N/A       21%         1
 Sting                    Tmut/Pois      8%         1d3       21%         1
 Summon Small Mammal      Summ           8%         N/A       21%         1
 Inner Flame              Hex/Fire       9%         N/A       22%         3
 Flame Wave               Conj/Fire      16%        2d7       28%         4
 Ensorcelled Hibernation  Hex/Ice        4%         N/A       30%         2
 Lesser Beckoning         Tloc           4%         N/A       30%         2
 Passwall                 Tmut/Erth      1%         N/A       30%         2
 Poisonous Vapours        Pois/Air       4%         N/A       30%         2
 Kindle Blastsparks       Fire/Tloc/Air  14%        2d11      30%         3
 Call Canine Familiar     Summ           2%         N/A       52%         3
 Confusing Touch          Hex            2%         N/A       52%         3
 Gell's Gravitas          Tloc           2%         N/A       52%         3
 Summon Guardian Golem    Hex/Summ       2%         N/A       52%         3
 Swiftness                Air            2%         N/A       52%         3
 Teleport Other           Tloc           2%         N/A       52%         3
 Vampiric Draining        Necr           2%         2d6       52%         3
 Olgreb's Toxic Radiance  Pois           2%         N/A       89%         4


Dungeon Overview and Level Annotations

Branches:
Dungeon (4/15)
 Temple: D:4-7

Altars:
Hepliaklqana
Qazlal
Xom

Annotations:
D:3 1 runed translucent door, jimonade's ghost, amateur DjGl


Innate Abilities, Weirdness & Mutations

You have a beak for a mouth.
You have claws for feet.
Your magical nature lets you fly swiftly and evasively.


Message History

The foxfire hits the scorpion but does no damage.
The scorpion is moderately wounded.
The foxfire hits the scorpion but does no damage.
The scorpion is moderately wounded.
The scorpion stings you!
* * * LOW HITPOINT WARNING * * *
The foxfire hits the scorpion but does no damage.
The scorpion is moderately wounded.
Casting: Foxfire (safe; 2% risk of failure)
Confirm with . or Enter, or press ? or * to list all spells.
You conjure some foxfire!
The scorpion closely misses you.
Casting: Foxfire (safe; 2% risk of failure)
Confirm with . or Enter, or press ? or * to list all spells.
You conjure some foxfire!
The foxfire hits the scorpion.
The scorpion is moderately wounded.
The foxfire hits the scorpion.
The scorpion is heavily wounded.
The scorpion stings you.
* * * LOW HITPOINT WARNING * * *
You are lethally poisoned!
The scorpion poisons you! The scorpion misses you.
Unknown command.
Unknown command.
It was a potion of attraction.
You feel attractive to monsters.
* * * LOW HITPOINT WARNING * * *
You feel sick.
The foxfire hits the scorpion but does no damage.
The scorpion is heavily wounded.
The foxfire hits the scorpion.
The scorpion is heavily wounded.
The scorpion stings you.
* * * LOW HITPOINT WARNING * * *
You are more poisoned.
The scorpion poisons you!
Unknown command.
It was a potion of degeneration.
There was something very wrong with that liquid.
You feel weakened.
You feel dopey.
You feel clumsy.
You die...

#.# #..##.....##..#
####'####
#...##...##...#
........#
##...##.##...##
........#
##...#+#...##
.)......## ##........#
.........###
#........#
...........#
#.##.###.#
........##.####ยงยง..#
#.#
........##...##.@###
#.# ############.[#.s#
#.# ##.#.## #.# #..>#
#.########## #####
#...........
############


You could see a scorpion.

Vanquished Creatures
  A necrophage (D:4)
  A hound (D:4)
  An iguana (D:4)
  An orc wizard (D:4)
  2 adders (D:3)
  3 worms
  2 dart slugs (D:1)
  4 orcs
  5 ball pythons
  8 bats
  6 endoplasms
  3 giant cockroaches
  5 goblins
  7 hobgoblins
  10 jackals
  5 kobolds
  4 quokkas
  2 frilled lizards
  4 rats
74 creatures vanquished.

Vanquished Creatures (collateral kills)
  4 foxfires (D:3)
4 creatures vanquished.

Vanquished Creatures (others)
  336 foxfires
  3 plants (D:3)
339 creatures vanquished.

Grand Total: 417 creatures vanquished

Notes
Turn   | Place    | Note
-------+----------+-------------------------------------------
     0 | D:1      | cforsyth the Tengu Fire Elementalist began the quest for
                  | the Orb.
     0 | D:1      | Reached XP level 1. HP: 10/10 MP: 4/4
   294 | D:1      | Reached XP level 2. HP: 15/15 MP: 3/6
   999 | D:2      | Reached XP level 3. HP: 19/19 MP: 3/7
  1618 | D:2      | Reached skill level 4 in Fire Magic
  2176 | D:3      | Found a hazy altar of Hepliaklqana.
  2189 | D:3      | Reached XP level 4. HP: 24/24 MP: 6/9
  2702 | D:3      | Noticed jimonade's ghost (amateur DjGl)
  2705 | D:3      | Found a runed translucent door.
  2999 | D:4      | Gained mutation: Your magical nature lets you fly swiftly
                  | and evasively. [Tengu growth]
  2999 | D:4      | Reached XP level 5. HP: 28/28 MP: 3/10
  3506 | D:4      | Found a shimmering altar of Xom.
  3584 | D:4      | Reached XP level 6. HP: 32/32 MP: 9/12
  3593 | D:4      | Reached skill level 5 in Fire Magic
  3706 | D:4      | Found a stormy altar of Qazlal.
  3707 | D:4      | Noticed a fire elemental
  3708 | D:4      | Noticed a water elemental
  3708 | D:4      | Noticed an air elemental
  3950 | D:4      | Noticed a water moccasin
  3979 | D:3      | Succumbed to a scorpion's poison

Illustrated notes

Levels and vault maps discovered:
D:1:      spicycebolla_arrival_ecumenical, layout_basic
D:2:      layout_basic
D:3:      layout_basic, nicolae_hepliaklqana_hazy_memory,
          hellmonk_ghost_happy_afterlife
D:4:      cheibrodos_barr_body, layout_loops_ring, lemuel_tele_altar,
          nicolae_qazlal_style_of_elements, serial_bayou_pond_d,
          minmay_crystal_room, chequers_avenue, minmay_misc_feat_secret_circle,
          hangedman_abyss_or_decor_stagger, roderic_batcave,
          hangedman_decor_opposing

Skill      XL: |  1  2  3  4  5  6 |
---------------+-------------------+-----
Conjurations   | 2 3 4 |  4.6
Fire Magic     | 4 5 |  5.0
Spellcasting   | 3 |  3.6
Dodging        | |  2.1
Stealth        | |  2.0

Action                     |  1- 3 |  4- 6 || total
---------------------------+-------+-------++-------
  Melee: Unarmed           |    25 |    19 ||    44
         Kick              |     8 |     5 ||    13
         Peck              |     6 |     6 ||    12
   Cast: Foxfire           |   102 |    90 ||   192
    Use: Potion            |       |     2 ||     2
 Armour: Robe              |    16 |     8 ||    24
  Dodge: Dodged            |    38 |    34 ||    72

Table legend: (Time is in decaauts)
 A = Elapsed time spent in this place.
 B = Non-inter-level travel time spent in this place.
 C = Inter-level travel time spent in this place.
 D = Time resting spent in this place.
 E = Time spent auto-exploring this place.
 F = Levels seen in this place.
 G = Mean time per level.
                   A        B        C        D        E       F      G
               +--------+--------+--------+--------+--------+-----+--------+
         Total |   3927 |   3868 |     59 |     12 |   3213 |   4 |  981.8 |
       Dungeon |   3927 |   3868 |     59 |     12 |   3213 |   4 |  981.8 |
               +--------+--------+--------+--------+--------+-----+--------+

Top non-repeatable levels by time:
     D:2: 1179 daAuts
     D:1: 995 daAuts
     D:4: 980 daAuts
     D:3: 772 daAuts
